 Dungeon Crawl Stone Soup version 0.30-a0-772-g5528072125 (webtiles) character file.

Game seed: 10850801469987767197

28 tilp the Shield-Bearer (level 3, 0/31 HPs)
             Began as a Meteoran Fighter on Feb 12, 2023.
             Slain by a centaur (2 damage)
             ... on level 5 of the Dungeon.
             The game lasted 00:02:32 (539 turns).

tilp the Shield-Bearer (Meteoran Fighter)            Turns: 539, Time: 00:02:33

Health: 0/31       AC:  9    Str: 18    XL:     3   Next: 47%
Magic:  4/4        EV:  7    Int:  9    God:
Gold:   39         SH:  5    Dex: 15    Spells: 2/2 levels left

rFire   . . .      SeeInvis .    a - +0 long sword
rCold   . . .      Faith    .    c - +0 buckler
rNeg    . . .      Spirit   .    e - +0 chain mail
rPois   .          Reflect  .    (no helmet)
rElec   .          Harm     .    (no cloak)
rCorr   .          Rampage  .    (no gloves)
Will    .....                    (no boots) Stlth
                                 (no amulet)
HPRegen 0.25/turn                (no ring)
MPRegen 0.09/turn                (no ring)

@: mighty, glowing
A: sense surroundings 1, otherworldly, glowing, explore regen
a: no special abilities


You were on level 5 of the Dungeon.
You visited 1 branch of the dungeon, and saw 5 of its levels.

You collected 39 gold pieces.

Inventory:

Hand Weapons
 a - a +0 long sword (weapon)
Missiles
 g - 6 stones (quivered)
 h - 2 atropa-tipped darts
Armour
 c - a +0 buckler (worn)
 e - a +0 chain mail (worn)
Wands
 b - a wand of iceblast (12)
Scrolls
 f - a scroll of fear {unknown}
 i - a scroll of silence {unknown}
 j - a scroll of immolation {unknown}
 k - a scroll of teleportation {unknown}


   Skills:
 + Level 3.4 Fighting
 * Level 2.9 Long Blades
 + Level 3.8 Armour
 * Level 1.1 Dodging
 * Level 0.8 Stealth
 + Level 3.8 Shields
 + Level 0.1 Evocations


You had 2 spell levels left.
You didn't know any spells.
Your spell library was empty.

Dungeon Overview and Level Annotations

Branches:
Dungeon (4/15) Zot: 2435
 Temple: D:4-7

Altars:
Hepliaklqana


Innate Abilities, Weirdness & Mutations

You passively map a small area around you.
You are easily found by Zot.
You glow in the dark.
You regain HP and MP as you explore.


Message History

You barely miss the quokka.
The quokka is heavily wounded.
You block the quokka's attack.
The quokka bites you but does no damage.
You slash the quokka!
You kill the quokka!
You see here a quokka corpse.
Found a mace.
You see here a +0 mace.
Found 11 gold pieces.
You now have 39 gold pieces (gained 11).
Found a scale mail.
Found 16 gold pieces.
Found an escape hatch in the floor.
A centaur comes into view.
Found a book of Weapons.
The centaur shouts!
The centaur wields a +0 shortbow.
The centaur shoots an arrow.
The arrow hits you!
The centaur shoots an arrow.
The arrow hits you.
The centaur shoots an arrow.
The arrow hits you but does no damage.
The centaur shoots an arrow.
The arrow hits you.
The centaur shoots an arrow.
The arrow hits you!
* * * LOW HITPOINT WARNING * * *
You feel very mighty all of a sudden.
You start waiting.
A centaur is nearby!
A quokka comes into view.
The centaur shoots an arrow.
The arrow barely misses you.
The centaur unwields a +0 shortbow.
The centaur hits you.
* * * LOW HITPOINT WARNING * * *
You block the centaur's attack. The centaur hits you.
* * * LOW HITPOINT WARNING * * *
The centaur kicks you.
* * * LOW HITPOINT WARNING * * *
You slash the centaur!
The centaur is severely wounded.
The centaur hits you.
* * * LOW HITPOINT WARNING * * *
The centaur kicks you.
You die...

, #.#....# , *
#.###.###.## ,
#..........# * *
, #####.###.## ,
.........# **
*,#.#####..#..##
* # #...........#
, #.#####.#####.#
* ,
,,....r..@......#
#.##...c#######
*, #.#.##
#......# ,
#....#.# ** *
#....#.#
...>..#,#
:..$...# * *
##.#....# *


You could see a centaur and a quokka.

Vanquished Creatures
  A worm (D:2)
  2 ball pythons
  2 endoplasms
  A giant cockroach (D:1)
  A goblin (D:1)
  2 hobgoblins
  A kobold (D:1)
  4 quokkas
  4 bats
  4 rats
  A spectral hobgoblin (D:3)
23 creatures vanquished.

Notes
Turn   | Place    | Note
-------+----------+-------------------------------------------
     0 | D:1      | tilp the Meteoran Fighter began the quest for the Orb.
     0 | D:1      | Reached XP level 1. HP: 19/19 MP: 2/2
   121 | D:3      | Found a hazy altar of Hepliaklqana.
   126 | D:3      | Reached XP level 2. HP: 23/26 MP: 3/3
   164 | D:2      | Found a faded altar of an unknown god.
   222 | D:1      | Reached skill level 1 in Dodging
   223 | D:1      | Reached XP level 3. HP: 25/31 MP: 4/4
   403 | D:4      | You fall into a shaft and drop 1 floor!
   403 | D:5      | Entered Level 5 of the Dungeon
   529 | D:5      | Noticed a centaur
   539 | D:5      | Slain by a centaur

Illustrated notes

Levels and vault maps discovered:
D:1:      lightli_arrival_statue_moat, layout_rooms
D:2:      layout_rooms, hellmonk_ecumenical_altar_run_dry, nrook_loot_triangle,
          chequers_serial_rivers_micro_e
D:3:      layout_basic, mainiacjoe_overflow_boulevard, slow_altar_1,
          nicolae_hepliaklqana_monster_ancestors, uniq_terence,
          uniq_crazy_yiuf_cottage, uniq_robin, uniq_jessica
D:4:      layout_rooms, nicolae_overflow_hidden_temple,
          gammafunk_temple_overflow_pools, serial_shops, shop,
          minmay_hollow_rounded_squares
D:5:      layout_basic, minmay_temple_entry_purple_smoke, gammafunk_ghost_smash

Skill      XL: |  1  2 |
---------------+-------+-----
Dodging        | 1 |  1.1
Fighting       | |  3.4
Long Blades    | |  2.9
Armour         | |  3.8
Stealth        | |  0.8
Shields        | |  3.8
Evocations     | |  0.1

Action                     || total
---------------------------++-------
  Melee: Long sword        ||    80
    Use: Potion            ||     1
 Armour: Scale mail        ||    12
         Chain mail        ||    48
  Dodge: Dodged            ||    34
  Block: Buckler           ||    26

Table legend: (Time is in decaauts)
 A = Elapsed time spent in this place.
 B = Non-inter-level travel time spent in this place.
 C = Inter-level travel time spent in this place.
 D = Time resting spent in this place.
 E = Time spent auto-exploring this place.
 F = Levels seen in this place.
 G = Mean time per level.
                   A        B        C        D        E       F      G
               +--------+--------+--------+--------+--------+-----+--------+
         Total |    563 |    512 |     51 |      2 |      0 |   5 |  112.6 |
       Dungeon |    563 |    512 |     51 |      2 |      0 |   5 |  112.6 |
               +--------+--------+--------+--------+--------+-----+--------+

Top non-repeatable levels by time:
     D:1: 151 daAuts
     D:2: 140 daAuts
     D:5: 137 daAuts
     D:3: 111 daAuts
     D:4: 22 daAuts
